Map: Purity and Industry LE

Players

MontyPython - Winner!

  • Race: Terran Terran
  • League: Diamond
  • Spawn Location: 12:00

VOD

Have the link to the VOD?

Description

Time

  • Played on: May 20, 2020, 8:24 a.m.
  • Length: 8:32
Show
View Real Time Build Order
Export as new Build Order

MontyPython Terran - Winner!

Build Orders:  

Get SALT Encoding   

  12  0:01  SCV  
  13  0:18  SCV  
  14  0:28  Supply Depot  
  14  0:35  SCV  
  15  0:40  Refinery  
  15  0:58  SCV  
  16  1:04  Barracks  
  16  1:15  SCV  
  16  1:18  Refinery  
  17  1:32  SCV  
  18  1:49  SCV  
  19  2:06  SCV  
  20  2:11  Ghost Academy, Barracks Tech Lab  
  20  2:23  Orbital Command  
  20  2:52  Ghost  
  22  3:00  SCV  
  22  3:02  Supply Depot  
  23  3:20  Factory  
  23  3:32  SCV, Ghost  
  26  3:47  Supply Depot  
  26  3:49  SCV  
  27  4:12  Ghost  
  27  4:14  SCV  
  27  4:18  Supply Depot  
  30  4:26  Starport  
  30  4:31  SCV  
  31  4:47  SCV  
  32  4:53  Ghost  
  34  5:11  Command Center  
  34  5:19  Medivac  
  36  5:35  SCV  
  37  5:48  Supply Depot  
  37  5:58  Personal Cloaking  
  37  6:10  SCV  
  38  6:22  Starport Reactor, Barracks  
  38  6:23  Factory Tech Lab  
  38  6:34  Barracks  
  38  6:41  Engineering Bay  
  38  6:43  Engineering Bay  
  38  6:55  SCV  
  39  7:01  Refinery  
  39  7:02  Refinery  
  46  7:30  SCV  
  39  7:31  Barracks Reactor  
  39  7:37  Orbital Command  
  40  7:48  SCV  
  41  8:02  Supply Depot  
  41  8:05  SCV  
Tags
 
Add a new tag
Caveats
  • Supply blocks, unpowered buildings, or Contaminate may cause inaccurate times.
  • Supply counts are checked every 10 seconds.